 Dungeon Crawl Stone Soup version 0.19-a0-1021-g80cc50c (webtiles) character file.

79 yesno the Magician (level 4, -2/30 HPs)
             Began as a Vampire Wizard on July 26, 2016.
             Killed from afar by an orc (7 damage)
             ... on level 3 of the Dungeon.
             The game lasted 00:12:15 (1958 turns).

yesno the Magician (Vampire Wizard)                 Turns: 1958, Time: 00:12:16

Health: -2/30      AC:  2    Str:  6    XL:     4   Next: 16%
Magic:  3/10       EV: 12    Int: 21    God:
Gold:   112        SH:  0    Dex: 12    Spells: 5 memorised, 2 levels left

rFire  . . .     SeeInvis +     a - +0 dagger
rCold  . . .     Gourm    .     k - +0 robe
rNeg   + . .     Faith    .     (no shield)
rPois  .         Spirit   .     b - +0 hat
rElec  .         Dismiss  .     (no cloak)
rCorr  .         Reflect  .     (no gloves)
SustAt .         Harm     .     (no boots)
MR     .....                    (no amulet)
Stlth  ++........               (no ring)
                                (no ring)

@: very slightly contaminated, not resistant to hostile enchantments, unstealthy
A: fangs 3, see invisible, unbreathing
a: Bat Form


You were on level 3 of the Dungeon.
You were not thirsty.

You visited 1 branch of the dungeon, and saw 3 of its levels.

You collected 112 gold pieces.

Inventory:

Hand Weapons
 a - a +0 dagger (weapon)
Missiles
 p - 2 javelins (quivered)
Armour
 b - a +0 hat (worn)
 k - a +0 robe (worn)
Jewellery
 e - a cursed -3 ring of slaying {unknown}
 f - an uncursed ring of positive energy {unknown}
Scrolls
 h - 4 scrolls of fear {unknown}
 l - 3 scrolls of teleportation {unknown}
 m - a scroll of identify {unknown}
 q - a scroll of remove curse {unknown}
 r - 2 scrolls of magic mapping {unknown}
Potions
 d - 4 potions of blood
 g - 2 potions of resistance {unknown}
 i - a potion of curing {unknown}
 j - a potion of ambrosia {unknown}
 n - a potion of brilliance {unknown}
 o - a potion of heal wounds {unknown}
 s - a potion of cancellation {unknown}
 t - 2 potions of lignification {unknown}
Books
 c - a book of Minor Magic

   Spells                             Type                      Level
   a - Magic Dart                     Conjuration                  1
   b - Blink                          Translocation                2
   c - Call Imp                       Summoning                    2
   d - Repel Missiles                 Charms/Air                   2
   e - Slow                           Hexes                        2
   f - Conjure Flame                  Conjuration/Fire             3
   g - Mephitic Cloud                 Conjuration/Poison/Air       3


   Skills:
 - Level 2.1 Dodging
 - Level 3.0 Stealth
 + Level 4.2 Spellcasting
 - Level 0.6 Conjurations
 + Level 2.4 Summonings
 - Level 0.7 Translocations


You had 2 spell levels left.
You knew the following spells:

 Your Spells              Type           Power        Failure   Level  Hunger
a - Magic Dart            Conj           #...         12%         1    None
b - Blink                 Tloc           N/A          14%         2    #......
c - Repel Missiles        Chrm/Air       #.....       17%         2    #......
i - Call Imp              Summ           ##......     8%          2    #......
s - Slow                  Hex            #.......     17%         2    #......


Dungeon Overview and Level Annotations

Branches:
Dungeon (3/15)

Altars:

Annotations:
D:1 exclusions: dart slug and giant gecko
D:2 exclusion: adder


Innate Abilities, Weirdness & Mutations

You have razor-sharp teeth.
You have supernaturally acute eyesight. (SInv)
You can survive without breathing.


Message History

Confirm with . or Enter, or press ? or * to list all spells.
Aiming: Magic Dart
Press: ? - help, Shift-Dir - straight line, f - orc
Aim: an orc, wearing a chain mail You miscast Magic Dart.
You are very lightly contaminated with residual magic.
You are momentarily dazzled by a flash of light!
The orc throws an exploding tomahawk.
The exploding tomahawk hits you.
* * * LOW HITPOINT WARNING * * *
The exploding tomahawk explodes!
The explosion of tomahawk fragments engulfs you!
* * * LOW HITPOINT WARNING * * *
The explosion of tomahawk fragments engulfs your crimson imp.
You take 7 damage, and have 5/30 hp.
MASSIVE DAMAGE!!
You now have 3/10 mp.
You swap places.
The orc throws an exploding tomahawk.
The exploding tomahawk hits your crimson imp.
The exploding tomahawk explodes!
The explosion of tomahawk fragments engulfs your crimson imp.
The explosion of tomahawk fragments engulfs you!
You die...

#.###.##
#........#.#. #.....#
#...####.# #####.#
#...# #.# ###)# #.#
#.# #.# #.#
#.########.# #
#.......##.####%###.#
#.#####.##.5@5....o..
#.# #...######......
#......#..g...g......
######...####### ###.
##.## #. #. #o #.


You could see an orc and 2 friendly crimson imps.

Vanquished Creatures
  A dart slug (D:2)
  7 bats
  A giant cockroach (D:1)
  5 hobgoblins
  A ball python (D:3)
  4 giant newts
  6 goblins
  6 kobolds
  4 rats
35 creatures vanquished.

Vanquished Creatures (collateral kills)
  A howler monkey (D:3)
  An adder (D:2)
  2 dart slugs
  A giant gecko (D:2)
  2 hobgoblins
  A kobold (D:3)
8 creatures vanquished.

Grand Total: 43 creatures vanquished

Notes
Turn   | Place    | Note
-------+----------+-------------------------------------------
     0 | D:1      | yesno the Vampire Wizard began the quest for the Orb.
     0 | D:1      | Reached XP level 1. HP: 13/13 MP: 4/4
   365 | D:1      | Reached XP level 2. HP: 19/19 MP: 3/6
   641 | D:1      | Learned a level 2 spell: Blink
   644 | D:1      | Learned a level 2 spell: Call Imp
   647 | D:1      | Learned a level 2 spell: Slow
  1445 | D:2      | Reached XP level 3. HP: 20/24 MP: 0/8
  1627 | D:2      | Learned a level 2 spell: Repel Missiles
  1851 | D:3      | Reached skill level 4 in Spellcasting
  1922 | D:3      | Reached XP level 4. HP: 9/30 MP: 2/10
  1958 | D:3      | Killed from afar by an orc

Vault maps used:
D:1:      tarquinn_simple_flora_water_c, grunt_decor_clamped

Skill      XL: |  1  2  3 |
---------------+----------+-----
Summonings     | 2 |  2.4
Spellcasting   | 4 |  4.2
Dodging        | |  2.1
Stealth        | |  3.0
Conjurations   | |  0.6
Translocations | |  0.7

Action                   |  1- 3 |  4- 6 || total
-------------------------+-------+-------++-------
Melee: Unarmed           |    28 |       ||    28
       Bite              |     6 |       ||     6
       Dagger            |    29 |       ||    29
Throw: Javelin           |     5 |       ||     5
 Cast: Magic Dart        |    68 |       ||    68
       Call Imp          |     9 |     1 ||    10
       Blink             |     1 |       ||     1
 Abil: End Transformatio |     1 |       ||     1
       Bat Form          |     1 |       ||     1
  Use: Potion            |     4 |     2 ||     6
 Stab: Sleeping          |     3 |       ||     3
Armor: Robe              |    15 |       ||    15
Dodge: Dodged            |    42 |     1 ||    43
